 Dungeon Crawl Stone Soup version 0.30-a0-824-g6c64550be9 (webtiles) character file.

Game seed: 11261885179056833010

326 Newt the Trooper (level 6, -12/51 HPs)
             Began as a Demonspawn Gladiator on Feb 27, 2023.
             Killed by nerve-wracking pain
             ... invoked by an orc priest
              (13 damage)
             ... on level 5 of the Dungeon.
             The game lasted 00:03:25 (4036 turns).

Newt the Trooper (Demonspawn Gladiator)             Turns: 4036, Time: 00:03:25

Health: -12/51     AC:  6    Str: 16    XL:     6   Next: 24%
Magic:  6/6        EV: 12    Int:  9    God:
Gold:   96         SH:  0    Dex: 15    Spells: 5/5 levels left

rFire   + + .      SeeInvis .    t - +2 hand axe (flame)
rCold   . . .      Faith    .    (no shield)
rNeg    . . .      Spirit   .    b - +0 leather armour
rPois   .          Reflect  .    c - +1 helmet
rElec   .          Harm     .    u - +0 cloak
rCorr   .          Rampage  .    (no gloves)
Will    .....                    (no boots)
Stlth   ++                       (no amulet)
HPRegen 0.28/turn                l - ring of protection from fire
MPRegen 0.10/turn                m - ring of protection from fire

@: no status effects
A: claws 2, powered by pain 1
a: no special abilities


You were on level 5 of the Dungeon.
You visited 1 branch of the dungeon, and saw 5 of its levels.

You collected 210 gold pieces.
You spent 114 gold pieces at shops.

Inventory:

Hand Weapons
 a - a +0 rapier
 f - a +1 dagger of venom
 r - a +0 war axe
 t - a +2 hand axe of flaming (weapon)
Missiles
 d - 3 throwing nets (quivered)
 e - a javelin
 h - 2 boomerangs
 k - 8 poisoned darts
Armour
 b - a +0 leather armour (worn)
 c - a +1 helmet (worn)
 u - a +0 cloak (worn)
Jewellery
 l - a ring of protection from fire (left claw)
 m - a ring of protection from fire (right claw)
Scrolls
 i - 4 scrolls of teleportation
 q - a scroll of fear
Potions
 g - 2 potions of lignification
 n - a potion of cancellation
 o - a potion of flight {unknown}
 p - a potion of invisibility {unknown}
 s - a potion of might {unknown}


   Skills:
 - Level 5.0 Fighting
 - Level 2.6 Short Blades
 + Level 4.0 Throwing
 - Level 2.6 Dodging
 - Level 1.5 Stealth


You had 5 spell levels left.
You didn't know any spells.
Your spell library contained the following spells:

 Spells                   Type           Power      Damage    Failure   Level
 Summon Forest            Summ/Tloc      0%         N/A       100%        5
 Summon Mana Viper        Hex/Summ       0%         N/A       100%        5
 Summon Cactus Giant      Summ           0%         N/A       100%        6


Dungeon Overview and Level Annotations

Branches:
Dungeon (5/15)
 Temple: D:4-7

Altars:
Wu Jian

Shops:
D:4 (


Innate Abilities, Weirdness & Mutations

You have very sharp fingernails.
You sometimes gain a little power by taking damage.


Message History

You barely resist.
The orc priest hits you with a +0 flail!
* * * LOW HITPOINT WARNING * * *
The orc wizard closely misses you.
The orc priest hits you with a +0 flail.
* * * LOW HITPOINT WARNING * * *
The orc wizard hits you with a +0 dagger.
* * * LOW HITPOINT WARNING * * *
The orc priest calls upon Beogh to heal the orc wizard.
The orc wizard is healed somewhat.
Unknown command.
You barely miss the orc priest.
You hit the orc priest but do no damage.
You hit the orc wizard. You burn the orc wizard.
The orc wizard hits you but does no damage.
The orc priest hits you but does no damage.
The orc priest closely misses you.
Unknown command.
You closely miss the orc priest. You completely miss the orc wizard.
You hit the orc priest. You burn the orc priest.
The orc priest barely misses you.
The orc priest hits you with a +0 dagger.
* * * LOW HITPOINT WARNING * * *
The orc wizard hits you with a +0 dagger.
* * * LOW HITPOINT WARNING * * *
Unknown command.
You barely miss the orc priest. x2
You hit the orc wizard but do no damage.
The orc priest calls upon Beogh to heal the orc wizard.
The orc wizard is healed somewhat.
The orc priest hits you with a +0 flail.
* * * LOW HITPOINT WARNING * * *
The orc wizard casts a spell at you.
The magic dart hits you but does no damage.
The orc wizard hits you but does no damage.
The orc priest looks braver for a moment.
A necrophage comes into view.
The orc priest invokes the aid of Beogh against you.
Pain shoots through your body!
You die...

*,*,*,,,,,,,,,,,,,,.#....#.,,,,..
*,*,*,******,*,,,,,,......,,,,,,.
*,*,*,* *,*,**#,*#....########
*,*,*,* *,*,* #.*#.#..##.....#
*,*,*,* *,#,* #.##.#..##.#....
*,*,*,***###,#.* #............#.#
*,,,,,,,,.n.>#.#*###.##........(.
***,,****,*#...o####.##..##.....#
**,* *,*#..oo@.##.##..####....
*,* *,*##..o#.##.##..# ##### *,*
*,* ##.##.##.##..###*** * *,* *,*
#..............,,* * *,* *,*
#..####.#######*,*** *>* *,* #..*
#(# *,,,, *,* **,** #.,* #.#****
***** *,***,,,**#.,* #..,,,* *
*,,,,,*,,,.,,* ###**,* *


You could see a necrophage (wandering), 2 orc priests, an orc wizard and an orc.

Vanquished Creatures
  An ogre (D:4)
  A phantom (D:4)
  A necrophage (D:4)
  4 adders
  2 worms (D:3)
  2 dart slugs
  9 orcs
  2 bats
  3 endoplasms (D:1)
  4 giant cockroaches
  3 goblins (D:1)
  9 hobgoblins
  4 quokkas
  8 ball pythons
  6 kobolds
  2 rats
61 creatures vanquished.

Notes
Turn   | Place    | Note
-------+----------+-------------------------------------------
     0 | D:1      | Newt the Demonspawn Gladiator began the quest for the Orb.
     0 | D:1      | Reached XP level 1. HP: 16/16 MP: 1/1
    39 | D:1      | Reached skill level 1 in Stealth
    53 | D:1      | Gained mutation: You have sharp fingernails. [demonic
                  | ancestry]
    53 | D:1      | Reached XP level 2. HP: 14/22 MP: 2/2
   661 | D:1      | Reached skill level 3 in Fighting
   733 | D:1      | Reached XP level 3. HP: 29/29 MP: 3/3
  1652 | D:3      | Found an ornate altar of the Wu Jian Council.
  2319 | D:4      | Reached XP level 4. HP: 37/37 MP: 4/4
  2378 | D:4      | Reached skill level 4 in Fighting
  2424 | D:4      | Noticed a phantom
  2468 | D:4      | Killed a phantom
  2469 | D:4      | Reached skill level 5 in Fighting
  2469 | D:4      | Gained mutation: You sometimes gain a little power by
                  | taking damage. [demonic ancestry]
  2469 | D:4      | Reached XP level 5. HP: 8/44 MP: 5/5
  3303 | D:4      | Noticed an ogre
  3313 | D:4      | Killed an ogre
  3314 | D:4      | Gained mutation: You have very sharp fingernails. [demonic
                  | ancestry]
  3314 | D:4      | Reached XP level 6. HP: 51/51 MP: 6/6
  3686 | D:4      | Found Calusyene's Antique Weapon Boutique.
  3689 | D:4      | Bought a runed hand axe for 114 gold pieces
  3969 | D:5      | Entered Level 5 of the Dungeon
  4036 | D:5      | HP: 1/51 [orc priest/+0 flail (4)]
  4036 | D:5      | Killed from afar by an orc priest

Illustrated notes

Levels and vault maps discovered:
D:1:      tarquinn_simple_flora_water_a, layout_basic
D:2:      layout_rooms
D:3:      layout_basic, mainiacjoe_overflow_brackets, minmay_misc_feat_room
D:4:      layout_layer_cave, serial_shops, kennysheep_mini_moat,
          minmay_misc_feat_roman
D:5:      layout_loops_ring, hangedman_decor_push, palyth_stone_intersect,
          minmay_misc_feat_rugged, uniq_crazy_yiuf_cottage

Skill      XL: |  1  2  3  4  5  6 |
---------------+-------------------+-----
Stealth        | 1 |  1.5
Fighting       | 3 5 |  5.0
Throwing       | 2 3 4 |  4.0
Short Blades   | |  2.6
Dodging        | |  2.6

Action                     |  1- 3 |  4- 6 || total
---------------------------+-------+-------++-------
  Melee: Rapier            |    40 |       ||    40
         Dagger            |   101 |   114 ||   215
         Punch             |     2 |     1 ||     3
         Hand axe          |       |     7 ||     7
  Throw: Javelin           |     1 |     1 ||     2
         Dart              |       |     4 ||     4
    Use: Scroll            |    10 |     2 ||    12
         Potion            |       |     4 ||     4
   Stab: Sleeping          |     1 |       ||     1
 Armour: Leather armour    |    35 |    41 ||    76
         Skin              |       |     4 ||     4
  Dodge: Dodged            |    82 |    98 ||   180

Table legend: (Time is in decaauts)
 A = Elapsed time spent in this place.
 B = Non-inter-level travel time spent in this place.
 C = Inter-level travel time spent in this place.
 D = Time resting spent in this place.
 E = Time spent auto-exploring this place.
 F = Levels seen in this place.
 G = Mean time per level.
                   A        B        C        D        E       F      G
               +--------+--------+--------+--------+--------+-----+--------+
         Total |   4011 |   3887 |    124 |    782 |   2593 |   5 |  802.2 |
       Dungeon |   4011 |   3887 |    124 |    782 |   2593 |   5 |  802.2 |
               +--------+--------+--------+--------+--------+-----+--------+

Top non-repeatable levels by time:
     D:4: 1686 daAuts
     D:1: 937 daAuts
     D:3: 672 daAuts
     D:2: 647 daAuts
     D:5: 67 daAuts
